| TOP OF THE 1ST |
|
Minnesota Twins batting - Pitching for Kansas City Royals : RHP Don Wilson
|
|
Pitching: RHP Don Wilson
|
|
|
Batting: RHB Lee Lacy
|
0-0: Ball 1-0: Foul Ball, location: 2F 1-1: Swinging Strike 1-2: Ball 2-2: Fly out, F6 (Line Drive, 6, EV 71.3 MPH)
|
|
Batting: RHB Steve Brye
|
0-0: Foul Ball, location: 2F 0-1: Ball 1-1: Swinging Strike 1-2: Fly out, F8 (Line Drive, 8RM, EV 90.6 MPH)
|
|
Batting: RHB Matt Cooper
|
0-0: Ball 1-0: Swinging Strike 1-1: Called Strike 1-2: Ground out 6-3 (Groundball, 6, EV 101.9 MPH)
|
| Top of the 1st over - 0 runs, 0 hits, 0 errors, 0 left on base; Minnesota 0 - Kansas City 0 |
| BOTTOM OF THE 1ST |
|
Kansas City Royals batting - Pitching for Minnesota Twins : RHP John Martin
|
|
Pitching: RHP John Martin
|
|
|
Batting: RHB Rickey Henderson
|
0-0: Ball 1-0: Fly out, F8 (Flyball, 8LM, EV 86.9 MPH)
|
|
Batting: LHB Gene Richards
|
0-0: Ball 1-0: Ball 2-0: Called Strike 2-1: Ball 3-1: Base on Balls
|
|
Batting: RHB Jeffrey Leonard
|
0-0: Ball Gene Richards steals 2nd base 1-0: Foul Ball, location: 2F 1-1: Ball 2-1: Swinging Strike 2-2: Strikes out looking
|
|
Batting: LHB Alvin Davis
|
0-0: Ball 1-0: Foul Ball, location: 2F 1-1: Called Strike 1-2: Foul Ball, location: 2F 1-2: Ball 2-2: Ball 3-2: Base on Balls
|
|
Batting: LHB Rick Manning
|
0-0: Called Strike 0-1: Ball 1-1: Ball 2-1: Foul Ball, location: 2F 2-2: Ball 3-2: Strikes out looking
|
| Bottom of the 1st over - 0 runs, 0 hits, 0 errors, 2 left on base; Minnesota 0 - Kansas City 0 |
| TOP OF THE 2ND |
|
Minnesota Twins batting - Pitching for Kansas City Royals : RHP Don Wilson
|
|
Batting: RHB Randy Edwards
|
0-0: Ball 1-0: Foul Ball, location: 2F 1-1: Swinging Strike 1-2: Ball 2-2: Strikes out swinging
|
|
Batting: RHB Larry Hisle
|
0-0: Called Strike 0-1: Ball 1-1: Foul Ball, location: 2F 1-2: Ball 2-2: Strikes out swinging, 2-3 out at first.
|
|
Batting: RHB George Foster
|
0-0: Called Strike 0-1: Fly out, F3 (Popup, 3F, EV 64.4 MPH)
|
| Top of the 2nd over - 0 runs, 0 hits, 0 errors, 0 left on base; Minnesota 0 - Kansas City 0 |
| BOTTOM OF THE 2ND |
|
Kansas City Royals batting - Pitching for Minnesota Twins : RHP John Martin
|
|
Batting: LHB Jim Eisenreich
|
0-0: Ground out 6-3 (Groundball, 6, EV 81.3 MPH)
|
|
Batting: LHB Brad Mills
|
0-0: Called Strike 0-1: Ball 1-1: SINGLE (Groundball, 4MD, EV 98.8 MPH)
|
|
Batting: RHB Lloyd McClendon
|
0-0: Ball 1-0: Ball 2-0: Foul Ball, location: 2F 2-1: Ball Brad Mills steals 2nd base 3-1: Foul Ball, location: 2F 3-2: Fly out, F7 (Flyball, 78S, EV 81.9 MPH)
|
|
Batting: RHB Alberto Gonzalez
|
0-0: Ball 1-0: SINGLE (Line Drive, 7S, EV 94.4 MPH) Brad Mills to third Runner from 3rd tries for Home, SAFE, throw by LF to home
|
|
Batting: RHB Rickey Henderson
|
0-0: Ball 1-0: Ball 2-0: Ball 3-0: Called Strike 3-1: SINGLE (Line Drive, 89M, EV 112.5 MPH) Alberto Gonzalez to second Runner from 2nd tries for 3rd, SAFE, throw by CF made to third
|
|
Batting: LHB Gene Richards
|
0-0: Ball 1-0: Foul Ball, location: 2F 1-1: Ball 2-1: Fielders Choice at 2nd, 6-4 (Groundball, 6, EV 101.3 MPH)
|
| Bottom of the 2nd over - 1 run, 3 hits, 0 errors, 2 left on base; Minnesota 0 - Kansas City 1 |
| TOP OF THE 3RD |
|
Minnesota Twins batting - Pitching for Kansas City Royals : RHP Don Wilson
|
|
Batting: RHB Brook Jacoby
|
0-0: Swinging Strike 0-1: Ball 1-1: Ball 2-1: Foul Ball, location: 2F 2-2: Foul Ball, location: 2F 2-2: Ball 3-2: Foul Ball, location: 2F 3-2: Strikes out swinging
|
|
Batting: LHB Eloy Escobedo
|
0-0: Ball 1-0: Called Strike 1-1: Fly out, F9 (Line Drive, 9, EV 106.3 MPH)
|
|
Batting: RHB Taylor Duncan
|
0-0: Ball 1-0: DOUBLE (Flyball, 89D, EV 104.4 MPH)
|
|
Batting: RHB Lee Lacy
|
0-0: Fly out, F8 (Line Drive, 8LD, EV 98.1 MPH)
|
| Top of the 3rd over - 0 runs, 1 hit, 0 errors, 1 left on base; Minnesota 0 - Kansas City 1 |
| BOTTOM OF THE 3RD |
|
Kansas City Royals batting - Pitching for Minnesota Twins : RHP John Martin
|
|
Batting: RHB Jeffrey Leonard
|
0-0: Ground out 5-3 (Groundball, 56, EV 83.8 MPH)
|
|
Batting: LHB Alvin Davis
|
0-0: Ball 1-0: SINGLE (Line Drive, 78S, EV 98.1 MPH)
|
|
Batting: LHB Rick Manning
|
0-0: Called Strike 0-1: Swinging Strike 0-2: Fly out, F8 (Flyball, 8LM, EV 73.1 MPH)
|
|
Batting: LHB Jim Eisenreich
|
0-0: Called Strike 0-1: Ball 1-1: Foul Ball, location: 2F 1-2: Foul Ball, location: 2F 1-2: Strikes out swinging
|
| Bottom of the 3rd over - 0 runs, 1 hit, 0 errors, 1 left on base; Minnesota 0 - Kansas City 1 |
| TOP OF THE 4TH |
|
Minnesota Twins batting - Pitching for Kansas City Royals : RHP Don Wilson
|
|
Batting: RHB Steve Brye
|
0-0: Called Strike 0-1: Swinging Strike 0-2: Ball 1-2: Strikes out swinging
|
|
Batting: RHB Matt Cooper
|
0-0: Ball 1-0: Ball 2-0: SINGLE (Line Drive, 8RS, EV 93.1 MPH)
|
|
Batting: RHB Randy Edwards
|
0-0: Ball Wild Pitch! Matt Cooper to second 1-0: Ball 2-0: SINGLE (Flyball, 89M, EV 73.1 MPH) Matt Cooper to third
|
|
Batting: RHB Larry Hisle
|
0-0: Called Strike 0-1: Ball 1-1: Swinging Strike 1-2: Foul Ball, location: 2F 1-2: Ball Wild Pitch! Matt Cooper scores Randy Edwards to second 2-2: SINGLE (Line Drive, 34D, EV 95.6 MPH) Randy Edwards to third
|
|
Batting: RHB George Foster
|
0-0: Called Strike 0-1: Ball 1-1: Ball 2-1: Fly out, F9 (Flyball, 89D, EV 89.4 MPH) Runner from 3rd tags up, SCORES, throw by RF
|
|
Batting: RHB Brook Jacoby
|
0-0: Called Strike 0-1: Called Strike 0-2: Ground out 6-3 (Groundball, 6, EV 83.1 MPH)
|
| Top of the 4th over - 2 runs, 3 hits, 0 errors, 1 left on base; Minnesota 2 - Kansas City 1 |
| BOTTOM OF THE 4TH |
|
Kansas City Royals batting - Pitching for Minnesota Twins : RHP John Martin
|
|
Batting: LHB Brad Mills
|
0-0: Ball 1-0: Ball 2-0: Called Strike 2-1: Fly out, F6 (Line Drive, 6, EV 61.9 MPH)
|
|
Batting: RHB Lloyd McClendon
|
0-0: Ball 1-0: TRIPLE (Flyball, 89XD, EV 99.4 MPH)
|
|
Batting: RHB Alberto Gonzalez
|
0-0: Ball 1-0: Foul Ball, location: 2F 1-1: Foul Ball, location: 2F 1-2: Foul Ball, location: 2F 1-2: SINGLE (Groundball, 6D, EV 105.0 MPH) Lloyd McClendon scores
|
|
Batting: RHB Rickey Henderson
|
0-0: Called Strike 0-1: Foul Ball, location: 2F 0-2: Foul Ball, location: 2F 0-2: Grounds into double play, 4-6-3 (Groundball, 4M, EV 83.1 MPH)
|
| Bottom of the 4th over - 1 run, 2 hits, 0 errors, 0 left on base; Minnesota 2 - Kansas City 2 |
| TOP OF THE 5TH |
|
Minnesota Twins batting - Pitching for Kansas City Royals : RHP Don Wilson
|
|
Batting: LHB Eloy Escobedo
|
0-0: Ball 1-0: Ground out 4-3 (Groundball, 4, EV 83.1 MPH)
|
|
Batting: RHB Taylor Duncan
|
0-0: Ground out 4-3 (Groundball, 4, EV 89.4 MPH)
|
|
Batting: RHB Lee Lacy
|
0-0: Called Strike 0-1: SINGLE (Groundball, 6MD, EV 99.4 MPH)
|
|
Batting: RHB Steve Brye
|
0-0: Foul Ball, location: 2F 0-1: Ball 1-1: Ball 2-1: Ball 3-1: Base on Balls Lee Lacy to second
|
|
Batting: RHB Matt Cooper
|
0-0: Called Strike 0-1: Fielders Choice at 2nd, 6-4 (Groundball, 6, EV 103.1 MPH)
|
| Top of the 5th over - 0 runs, 1 hit, 0 errors, 2 left on base; Minnesota 2 - Kansas City 2 |
| BOTTOM OF THE 5TH |
|
Kansas City Royals batting - Pitching for Minnesota Twins : RHP John Martin
|
|
Batting: LHB Gene Richards
|
0-0: Called Strike 0-1: Ground out 6-3 (Groundball, 6, EV 85.0 MPH)
|
|
Batting: RHB Jeffrey Leonard
|
0-0: Ground out 6-3 (Groundball, 6M, EV 101.9 MPH)
|
|
Batting: LHB Alvin Davis
|
0-0: Called Strike 0-1: Ball 1-1: Ball 2-1: Foul Ball, location: 2F 2-2: Fly out, F8 (Flyball, 78M, EV 84.4 MPH)
|
| Bottom of the 5th over - 0 runs, 0 hits, 0 errors, 0 left on base; Minnesota 2 - Kansas City 2 |
| TOP OF THE 6TH |
|
Minnesota Twins batting - Pitching for Kansas City Royals : RHP Don Wilson
|
|
Batting: RHB Randy Edwards
|
0-0: Called Strike 0-1: Swinging Strike 0-2: Ball 1-2: Foul Ball, location: 2F 1-2: Fly out, F8 (Flyball, 8LXD, EV 103.8 MPH)
|
|
Batting: RHB Larry Hisle
|
0-0: Ball 1-0: Ball 2-0: Ball 3-0: Called Strike 3-1: Foul Ball, location: 2F 3-2: Base on Balls
|
|
Batting: RHB George Foster
|
0-0: Ball 1-0: Called Strike 1-1: Ball 2-1: Called Strike 2-2: Foul Ball, location: 2F 2-2: Fielders Choice at 2nd, 6-4 (Groundball, 6MS, EV 88.1 MPH)
|
|
Batting: RHB Brook Jacoby
|
0-0: Called Strike 0-1: Ball George Foster steals 2nd base 1-1: Ball 2-1: Ground out 4-3 (Groundball, 4, EV 79.4 MPH)
|
| Top of the 6th over - 0 runs, 0 hits, 0 errors, 1 left on base; Minnesota 2 - Kansas City 2 |
| BOTTOM OF THE 6TH |
|
Kansas City Royals batting - Pitching for Minnesota Twins : RHP John Martin
|
|
Batting: LHB Rick Manning
|
0-0: Ball 1-0: Foul Ball, location: 2F 1-1: SINGLE (Groundball, 6MS, EV 75.6 MPH) (infield hit)
|
|
Batting: LHB Jim Eisenreich
|
0-0: Ball 1-0: Swinging Strike 1-1: Ball 2-1: Called Strike 2-2: Foul Ball, location: 2F 2-2: Foul Ball, location: 2F 2-2: Ball 3-2: Grounds into double play, 4-6-3 (Groundball, 4, EV 77.5 MPH)
|
|
Batting: LHB Brad Mills
|
0-0: Ball 1-0: Ball 2-0: Ground out 6-3 (Groundball, 6M, EV 88.1 MPH)
|
| Bottom of the 6th over - 0 runs, 1 hit, 0 errors, 0 left on base; Minnesota 2 - Kansas City 2 |
| TOP OF THE 7TH |
|
Minnesota Twins batting - Pitching for Kansas City Royals : RHP Don Wilson
|
|
Batting: LHB Eloy Escobedo
|
0-0: Foul Ball, location: 2F 0-1: Ball 1-1: SINGLE (Line Drive, 78S, EV 88.1 MPH)
|
|
Pitching: RHP Orel Hershiser
|
|
|
Batting: RHB Taylor Duncan
|
0-0: Ball 1-0: Grounds into double play, 4-6-3 (Groundball, 4, EV 90.0 MPH)
|
|
Batting: RHB Lee Lacy
|
0-0: Called Strike 0-1: Called Strike 0-2: Ball 1-2: Ball 2-2: Ball 3-2: Base on Balls
|
|
Batting: RHB Steve Brye
|
0-0: Ball 1-0: Ball 2-0: Called Strike 2-1: Ball Wild Pitch! Lee Lacy to second 3-1: Swinging Strike 3-2: Strikes out swinging
|
| Top of the 7th over - 0 runs, 1 hit, 0 errors, 1 left on base; Minnesota 2 - Kansas City 2 |
| BOTTOM OF THE 7TH |
|
Kansas City Royals batting - Pitching for Minnesota Twins : RHP John Martin
|
|
Batting: RHB Lloyd McClendon
|
0-0: Called Strike 0-1: SOLO HOME RUN (Flyball, 9D, EV 94.4 MPH), Distance : 371 ft
|
|
Batting: RHB Alberto Gonzalez
|
0-0: Ball 1-0: Called Strike 1-1: Ball 2-1: Ball 3-1: Base on Balls
|
|
Pitching: LHP Tom Hall
|
|
|
Batting: RHB Rickey Henderson
|
0-0: Called Strike 0-1: Ball 1-1: Ball 2-1: Ball 3-1: Fly out, F4 (Flyball, 34D, EV 90.6 MPH)
|
|
Batting: LHB Gene Richards
|
0-0: Called Strike 0-1: Fielders Choice at 2nd, 6-4 (Groundball, 6, EV 80.6 MPH)
|
|
Batting: RHB Jeffrey Leonard
|
0-0: Ball Gene Richards steals 2nd base (no throw) 1-0: Ball 2-0: Foul Ball, location: 2F 2-1: Swinging Strike 2-2: Strikes out looking
|
| Bottom of the 7th over - 1 run, 1 hit, 0 errors, 1 left on base; Minnesota 2 - Kansas City 3 |
| TOP OF THE 8TH |
|
Minnesota Twins batting - Pitching for Kansas City Royals : RHP Orel Hershiser
|
|
Batting: RHB Matt Cooper
|
0-0: Fly out, F8 (Flyball, 8RD, EV 100.6 MPH)
|
|
Batting: RHB Randy Edwards
|
0-0: Called Strike 0-1: Fly out, F2 (Popup, 23F, EV 88.8 MPH)
|
|
Batting: RHB Larry Hisle
|
0-0: Ball 1-0: Fly out, F8 (Flyball, 8LM, EV 88.8 MPH)
|
| Top of the 8th over - 0 runs, 0 hits, 0 errors, 0 left on base; Minnesota 2 - Kansas City 3 |
| BOTTOM OF THE 8TH |
|
Kansas City Royals batting - Pitching for Minnesota Twins : LHP Tom Hall
|
|
Pitching: RHP Stephen Fuller
|
|
|
Batting: LHB Alvin Davis
|
0-0: Called Strike 0-1: Foul Ball, location: 2F 0-2: Foul Ball, location: 2F 0-2: Ball 1-2: Foul Ball, location: 2F 1-2: SOLO HOME RUN (Line Drive, 9D, EV 102.5 MPH), Distance : 395 ft
|
|
Batting: LHB Rick Manning
|
0-0: Foul Ball, location: 2F 0-1: Ball 1-1: Fly out, F8 (Flyball, 8LXD, EV 91.9 MPH)
|
|
Batting: LHB Jim Eisenreich
|
0-0: Swinging Strike 0-1: Foul Ball, location: 2F 0-2: Ball 1-2: Ball 2-2: Ball 3-2: Strikes out looking
|
|
Batting: LHB Brad Mills
|
0-0: Swinging Strike 0-1: Ball 1-1: Ball 2-1: Foul Ball, location: 2F 2-2: Ball 3-2: Foul Ball, location: 2F 3-2: SINGLE (Groundball, 4MD, EV 102.5 MPH)
|
|
Batting: RHB Lloyd McClendon
|
0-0: Called Strike 0-1: Ball 1-1: Ball 2-1: Fly out, F8 (Flyball, 8RD, EV 101.9 MPH)
|
| Bottom of the 8th over - 1 run, 2 hits, 0 errors, 1 left on base; Minnesota 2 - Kansas City 4 |
| TOP OF THE 9TH |
|
Minnesota Twins batting - Pitching for Kansas City Royals : RHP Orel Hershiser
|
|
Now at C: Charlie O'Brien
|
|
|
Now in LF: Kerry Dineen
|
|
|
Batting: RHB George Foster
|
0-0: Called Strike 0-1: Ball 1-1: Called Strike 1-2: Fly out, F3 (Flyball, 3D, EV 85.6 MPH)
|
|
Batting: RHB Brook Jacoby
|
0-0: Ground out 6-3 (Groundball, 6, EV 83.1 MPH)
|
|
Batting: LHB Eloy Escobedo
|
0-0: Foul Ball, location: 2F 0-1: Called Strike 0-2: Strikes out swinging
|
| Top of the 9th over - 0 runs, 0 hits, 0 errors, 0 left on base; Minnesota 2 - Kansas City 4 |
|